 Dungeon Crawl Stone Soup version 0.28.0 (webtiles) character file.

Game seed: 7637131577874319441

17 Dani the Chiller (level 2, 0/19 HPs)
             Began as a Formicid Ice Elementalist on Feb 5, 2022.
             Was a Follower of Wu Jian.
             Slain by Sigmund (10 damage)
             ... on level 2 of the Dungeon.
             The game lasted 00:02:32 (971 turns).

Dani the Chiller (Formicid Ice Elementalist)         Turns: 971, Time: 00:02:32

Health: 0/19       AC:  2    Str: 12    XL:     2   Next: 80%
Magic:  0/6        EV: 12    Int: 14    God:    Wu Jian [*.....]
Gold:   52         SH:  0    Dex: 11    Spells: 6/7 levels left

rFire   . . .      SeeInvis +   b - +0 club
rCold   . . .      Faith    .   (no shield)
rNeg    . . .      Spirit   .   a - +0 robe
rPois   .          Reflect  .   (helmet unavailable)
rElec   .          Harm     .   (no cloak)
rCorr   .          Rampage  .   (no gloves)
Will    .....                   (no boots)
Stlth   ++........              (no amulet)
HPRegen 0.06/turn               (no ring)
MPRegen 0.10/turn               (no ring)

@: very slightly contaminated
A: permanent stasis, dig shafts and tunnels, antennae 3, four strong arms
a: Dig, Shaft Self, Renounce Religion


You were on level 2 of the Dungeon.
You worshipped Wu Jian.
Wu Jian was aware of your devotion.
You visited 1 branch of the dungeon, and saw 2 of its levels.

You collected 52 gold pieces.

Inventory:

Hand Weapons
 b - a +0 club (weapon)
   (You found it on level 1 of the Dungeon)
Missiles
 c - 49 stones (quivered)
 g - 2 poisoned darts
Armour
 a - a +0 robe (worn)
Scrolls
 d - a scroll of identify {unknown}
 e - a scroll of fear {unknown}
 h - a scroll of fog {unknown}
 j - a scroll of torment {unknown}
Potions
 f - a potion of curing {unknown}
 i - a potion of mutation {unknown}


   Skills:
 + Level 1.1 Axes
 - Level 1.7 Dodging
 - Level 2.4 Stealth
 - Level 3.0 Spellcasting
 - Level 4.0 Ice Magic


You had 6 spell levels left.
You knew the following spells:

 Your Spells              Type           Power      Damage    Failure   Level
a - Freeze                Ice            52%        1d7       4%          1

Your spell library contained the following spells:

 Spells                   Type           Power      Damage    Failure   Level
 Frozen Ramparts          Ice            26%        1d4       12%         3
 Ozocubu's Armour         Ice            13%        N/A       12%         3
 Hailstorm                Conj/Ice       7%         3d4       67%         4


Dungeon Overview and Level Annotations

Branches:
Dungeon (2/15)

Altars:
Wu Jian

Annotations:
D:2 Sigmund


Innate Abilities, Weirdness & Mutations

You cannot be hasted, slowed, berserked, paralysed or teleported.
You can dig through walls and to a lower floor.
You have a pair of large antennae on your head. (SInv)
Your four strong arms can wield two-handed weapons with a shield.


Message History

Key pressed, stopping explore.
Key pressed, stopping explore.
Key pressed, stopping explore.
There is an open door here.
Key pressed, stopping explore.
Found a stone staircase leading down.
There is a stone staircase leading down here.
Key pressed, stopping explore.
Key pressed, stopping explore.
Key pressed, stopping explore.
Key pressed, stopping explore.
Key pressed, stopping explore.
i - a metallic red potion Key pressed, stopping explore.
Key pressed, stopping explore.
j - a scroll labelled ZAS QIUKUGU You open the door.
There is an open door here.
You open the door.
Key pressed, stopping explore.
There is an open door here.
Key pressed, stopping explore.
Key pressed, stopping explore.
Done exploring.
Done exploring.
Done exploring.
Done exploring.
Done exploring.
Done exploring.
Done exploring.
There is a stone staircase leading down here.
You climb downwards.
There is a stone staircase leading up here.
A quokka is nearby!
Sigmund the Dreaded comes into view.
He is wielding a +2 scythe of venom.
Sigmund shouts!
Casting: Freeze (safe; 4% risk of failure)
Confirm with . or Enter, or press ? or * to list all spells.
Aiming: Freeze (safe; 4% risk of failure)
Press: ? - help, Shift-Dir - straight line, f - quokka
Aim: a quokka You freeze the quokka.
The quokka is moderately wounded.
The quokka closely misses you.
Casting: Freeze (safe; 4% risk of failure)
Confirm with . or Enter, or press ? or * to list all spells.
Aiming: Freeze (safe; 4% risk of failure)
Press: ? - help, Shift-Dir - straight line, f/p - quokka
Aim: a quokka (moderately wounded)
You freeze the quokka.
The quokka is heavily wounded.
The quokka bites you.
Sigmund casts a spell.
Sigmund flickers and vanishes for a moment.
Casting: Freeze (safe; 4% risk of failure)
Confirm with . or Enter, or press ? or * to list all spells.
Aiming: Freeze (safe; 4% risk of failure)
Press: ? - help, Shift-Dir - straight line, f/p - quokka
Aim: a quokka (heavily wounded)
You miscast Freeze.
You are very lightly contaminated with residual magic.
Nothing appears to happen.
The quokka barely misses you. The quokka closely misses you.
Casting: Freeze (safe; 4% risk of failure)
Confirm with . or Enter, or press ? or * to list all spells.
Aiming: Freeze (safe; 4% risk of failure)
Press: ? - help, Shift-Dir - straight line, f/p - quokka
Aim: a quokka (heavily wounded)
You freeze the quokka.
The quokka is severely wounded.
The quokka barely misses you.
Casting: Freeze (safe; 4% risk of failure)
Confirm with . or Enter, or press ? or * to list all spells.
Aiming: Freeze (safe; 4% risk of failure)
Press: ? - help, Shift-Dir - straight line, f/p - quokka
Aim: a quokka (severely wounded)
You freeze the quokka.
You kill the quokka!
The Council accepts your kill.
You lunge at Sigmund.
You barely miss Sigmund.
Sigmund hits you with a +2 scythe of venom!
* * * LOW HITPOINT WARNING * * *
Casting: Freeze (safe; 4% risk of failure)
Confirm with . or Enter, or press ? or * to list all spells.
Aiming: Freeze (safe; 4% risk of failure)
Press: ? - help, Shift-Dir - straight line, f - Sigmund
Aim: Sigmund, wielding a +2 scythe of venom and wearing a +0 robe (slightly transparent)
You freeze Sigmund!
Sigmund is moderately wounded.
Casting: Freeze (safe; 4% risk of failure)
Confirm with . or Enter, or press ? or * to list all spells.
You don't have enough magic to cast this spell.
Unknown command.
Casting: Freeze (safe; 4% risk of failure)
Confirm with . or Enter, or press ? or * to list all spells.
You don't have enough magic to cast this spell.
Unknown command.
Sigmund hits you from afar with a +2 scythe of venom!
Ouch! That really hurt!
You die...

### #<#
###.###
#..@..#
#.....#
#..@..#
#.....#
#.....#
.......
.....####
#...#..
#.#.#.#


You could see Sigmund (invisible).

Vanquished Creatures
  A ball python (D:1)
  A bat (D:1)
  2 endoplasms (D:1)
  A giant cockroach (D:1)
  4 hobgoblins (D:1)
  A quokka (D:2)
  A frilled lizard (D:1)
  A kobold (D:1)
  3 rats (D:1)
15 creatures vanquished.

Notes
Turn   | Place    | Note
-------+----------+-------------------------------------------
     0 | D:1      | Dani the Formicid Ice Elementalist began the quest for the
                  | Orb.
     0 | D:1      | Reached XP level 1. HP: 13/13 MP: 3/3
   323 | D:1      | Reached XP level 2. HP: 19/19 MP: 5/5
   346 | D:1      | Reached skill level 3 in Spellcasting
   410 | D:1      | Found a faded altar of an unknown god.
   458 | D:1      | Prayed at the altar of an unknown god.
   458 | D:1      | Became a worshipper of the Wu Jian Council
   458 | D:1      | Reached * piety under Wu Jian
   704 | D:1      | Reached skill level 1 in Axes
   963 | D:2      | Noticed Sigmund
   971 | D:2      | Slain by Sigmund

Illustrated notes

Levels and vault maps discovered:
D:1:      amcnicky_arrival_double_pillar, layout_basic,
          chequers_ecumenical_altar_simple, hangedman_decor_clover_reticule
D:2:      layout_basic, hex_intersection, guppyfry_early_orc_mine, uniq_sigmund

Skill      XL: |  1  2 |
---------------+-------+-----
Spellcasting   | 3 |  3.0
Axes           | 1 |  1.1
Dodging        | |  1.7
Stealth        | |  2.4
Ice Magic      | |  4.0

Action                   || total
-------------------------++-------
Melee: Club              ||    10
Throw: Stone             ||    15
 Cast: Freeze            ||    24
Invok: Lunge             ||     1
Armor: Robe              ||     6
Dodge: Dodged            ||    18

Table legend: (Time is in decaauts)
 A = Elapsed time spent in this place.
 B = Non-inter-level travel time spent in this place.
 C = Inter-level travel time spent in this place.
 D = Time resting spent in this place.
 E = Time spent auto-exploring this place.
 F = Levels seen in this place.
 G = Mean time per level.
                   A        B        C        D        E       F      G
               +--------+--------+--------+--------+--------+-----+--------+
         Total |    974 |    929 |     45 |      0 |    768 |   2 |  487.0 |
       Dungeon |    974 |    929 |     45 |      0 |    768 |   2 |  487.0 |
               +--------+--------+--------+--------+--------+-----+--------+

Top non-repeatable levels by time:
     D:1: 964 daAuts
     D:2: 9 daAuts

Table legend:
 A = Kills in this place as a percentage of kills in entire the game.
 B = Kills by you in this place as a percentage of kills by you in the entire game.
 C = Kills by friends in this place as a percentage of kills by friends in the entire game.
 D = Other kills in this place as a percentage of other kills in the entire game.
 E = Experience gained in this place as a percentage of experience gained in the entire game.
 F = Experience gained in this place divided by the number of levels of this place that you have seen.
                   A       B       C       D       E      F
               +-------+-------+-------+-------+-------+----------------------
         Total | 100.0 | 100.0 |   N/A |   N/A | 100.0 |  12.5
       Dungeon | 100.0 | 100.0 |   N/A |   N/A | 100.0 |  12.5
               +-------+-------+-------+-------+-------+----------------------
